 Dungeon Crawl Stone Soup version 0.29-a0-337-g68df138881 (webtiles) character file.

Game seed: 6493107476836619247

648 Jortsu the Chopper (level 7, -2/61 HPs)
             Began as a Hill Orc Fighter on Apr 16, 2022.
             Was an Initiate of Beogh.
             Slain by a killer bee (4 damage)
             ... on level 5 of the Dungeon.
             The game lasted 00:05:59 (6324 turns).

Jortsu the Chopper (Hill Orc Fighter)               Turns: 6324, Time: 00:06:00

Health: -2/61      AC:  8    Str: 21    XL:     7   Next: 53%
Magic:  7/7        EV: 11    Int:  8    God:    Beogh [......]
Gold:   226        SH:  5    Dex: 10    Spells: 6/6 levels left

rFire   . . .      SeeInvis +   a - +0 war axe
rCold   . . .      Faith    .   c - +1 buckler
rNeg    + . .      Spirit   .   p - +2 leather armour "Apo Foun" {+Inv Will- rCorr SInv}
rPois   .          Reflect  .   (no helmet)
rElec   .          Harm     .   b - +2 cloak
rCorr   +          Rampage  .   (no gloves)
Will    .....                   (no boots)
Stlth   +.........              (no amulet)
HPRegen 0.20/turn               l - ring of positive energy
MPRegen 0.10/turn               f - ring of willpower

@: mighty
A: no striking features
a: Renounce Religion, Evoke Invisibility


You were on level 5 of the Dungeon.
You worshipped Beogh.
Beogh was noncommittal.
You visited 1 branch of the dungeon, and saw 5 of its levels.

You collected 226 gold pieces.

Inventory:

Hand Weapons
 a - a +0 war axe (weapon)
Armour
 b - a +2 cloak (worn)
 c - a +1 buckler (worn)
 p - the +2 leather armour "Apo Foun" (worn) {+Inv Will- rCorr SInv}
   (You found it on level 3 of the Dungeon)

   SInv:      It lets you see invisible.
   +Inv:      It lets you turn invisible.
   rCorr:     It protects you from acid and corrosion.
   Will:      It decreases your willpower.
Jewellery
 f - a ring of willpower (right hand)
 l - a ring of positive energy (left hand)
 q - a +4 ring of evasion
Wands
 i - a wand of polymorph (6)
 u - a wand of iceblast (3)
Scrolls
 e - a scroll of silence
 h - 5 scrolls of teleportation
 j - a scroll of blinking
 k - 2 scrolls of fear
 o - a scroll of holy word {unknown}
 s - a scroll of amnesia
 v - a scroll of summoning
 w - a scroll of torment {unknown}
Potions
 d - a potion of might
 g - a potion of degeneration
 m - 2 potions of heal wounds
 n - 3 potions of curing
 r - a potion of ambrosia
 t - a potion of mutation


   Skills:
 + Level 5.0 Fighting
 + Level 7.7 Axes
 + Level 4.9 Armour
 + Level 1.7 Dodging
 + Level 0.4 Stealth
 + Level 4.0 Shields


You had 6 spell levels left.
You didn't know any spells.
Your spell library contained the following spells:

 Spells                   Type           Power      Damage    Failure   Level
 Animate Skeleton         Necr           0%         N/A       54%         1
 Pain                     Necr           0%         1d4       54%         1
 Sandblast                Erth           0%         2d4       54%         1
 Passwall                 Tmut/Erth      0%         N/A       69%         2
 Stone Arrow              Conj/Erth      0%         3d7       89%         3
 Vampiric Draining        Necr           0%         2d6       89%         3


Dungeon Overview and Level Annotations

Branches:
Dungeon (5/15)
 Temple: D:4-7

Altars:
Fedhas

Shops:
D:5 (

Annotations:
D:3 1 transporter, leebro123's ghost, weakling SpEn


Message History

You feel sick.
The killer bee stings you but does no damage.
The killer bee misses you.
You barely miss the killer bee.
The killer bee is heavily wounded.
You feel sick. The killer bee barely misses you. The killer bee stings you.
* * * LOW HITPOINT WARNING * * *
You are more poisoned.
The killer bee poisons you!
You closely miss the killer bee.
The killer bee is heavily wounded.
You feel sick. The killer bee stings you.
* * * LOW HITPOINT WARNING * * *
The killer bee stings you.
* * * LOW HITPOINT WARNING * * *
You barely miss the killer bee.
The killer bee is heavily wounded.
You hit the iguana.
* * * LOW HITPOINT WARNING * * *
You feel very sick.
The killer bee stings you but does no damage.
The killer bee closely misses you. The iguana completely misses you.
The killer bee stings you but does no damage.
You feel better. You block the killer bee's attack.
The iguana barely misses you. The killer bee barely misses you.
You feel very mighty all of a sudden. You block the killer bee's attack.
The iguana misses you. You block the killer bee's attack.
You slash the iguana!
You kill the iguana!
Beogh accepts your kill.
You miss the killer bee. The killer bee stings you.
* * * LOW HITPOINT WARNING * * *
The killer bee stings you.
* * * LOW HITPOINT WARNING * * *
You slash the killer bee!
You kill the killer bee!
Beogh accepts your kill. The killer bee completely misses you.
The killer bee stings you.
You die...

#......# #.# #....#...# ##'#####
#.# ....#...### #.##### #.#
.......... ## #.....# #.#
####..#...... ..
##.....#####.###............ ..
##......+.............#....### #.
###.....#.....##y5........... +.
# #...†........#y###..#o...## #.
# #.....#.#.#.##@# #..#...... ..
###.....#.#.#.##†# #..#..#.## #.
.................###..#..# # #
.........................#+#####.
#....######.#.##.###..#........#.
#....# ####.#.##.###..#........#.
#....# #.......................+.
#....# ####.#.#..###..#........#
###### #.#.#..###..#........#.


You could see 2 killer bees and an ufetubus.

Vanquished Creatures
  A sky beast (D:5)
  An ogre (D:5)
  2 phantoms (D:4)
  2 killer bees (D:5)
  Ijyb (D:4)
  2 iguanas (D:5)
  3 gnolls (D:3)
  8 adders
  2 shadow imps
  2 worms (D:5)
  3 dart slugs
  16 orcs
  5 ball pythons
  6 endoplasms
  2 giant cockroaches
  5 goblins
  7 hobgoblins
  7 quokkas
  3 bats
  4 frilled lizards
  3 kobolds
  8 rats
93 creatures vanquished.

Vanquished Creatures (others)
  A scorpion (D:5)
  2 orcs (D:5)
  2 fungi (D:1)
  A plant (D:1)
6 creatures vanquished.

Grand Total: 99 creatures vanquished

Notes
Turn   | Place    | Note
-------+----------+-------------------------------------------
     0 | D:1      | Jortsu the Hill Orc Fighter began the quest for the Orb.
     0 | D:1      | Reached XP level 1. HP: 19/19 MP: 1/1
    81 | D:1      | Found a faded altar of an unknown god.
   345 | D:1      | Reached XP level 2. HP: 27/27 MP: 2/2
   663 | D:1      | Reached skill level 3 in Axes
  1259 | D:2      | Reached XP level 3. HP: 24/33 MP: 3/3
  1716 | D:2      | Found a blossoming altar of Fedhas.
  2121 | D:2      | Reached XP level 4. HP: 30/40 MP: 4/4
  2394 | D:3      | Reached skill level 4 in Axes
  2539 | D:3      | Identified the +2 leather armour "Apo Foun" {+Inv Will-
                  | rCorr SInv}
  2633 | D:3      | Found a transporter.
  3098 | D:3      | Reached XP level 5. HP: 35/46 MP: 5/5
  3239 | D:3      | Identified the +9 dire flail "Diuskeso" {vorpal, rElec
                  | Stlth+}
  3239 | D:3      | Noticed an ogre
  3269 | D:3      | Noticed leebro123's ghost (weakling SpEn)
  3392 | D:3      | HP: 2/46 [gnoll/+0 spear (2)]
  3393 | D:3      | Reached skill level 5 in Axes
  4076 | D:4      | Noticed a phantom
  4092 | D:4      | Killed a phantom
  4093 | D:4      | Reached skill level 6 in Axes
  4093 | D:4      | Reached XP level 6. HP: 42/53 MP: 6/6
  4266 | D:4      | Reached skill level 1 in Dodging
  4461 | D:4      | Identified the +10 mace of Causality {drain, Str+2}
  4727 | D:4      | Noticed Ijyb
  4741 | D:4      | Killed Ijyb
  4744 | D:4      | You fall into a shaft and drop 1 floor!
  4744 | D:5      | Entered Level 5 of the Dungeon
  4744 | D:5      | Found Toupsi's Weapon Boutique.
  5021 | D:4      | Paralysed by a goblin for 3 turns
  5384 | D:5      | HP: 1/50 [ogre/+0 giant club (24)]
  5388 | D:5      | Reached skill level 7 in Axes
  5388 | D:5      | Reached XP level 7. HP: 1/60 MP: 7/7
  5709 | D:5      | Became a worshipper of Beogh the Brigand
  5908 | D:5      | Reached skill level 5 in Fighting
  6320 | D:5      | HP: 3/61 [poisoned by a killer bee]
  6324 | D:5      | Slain by a killer bee

Illustrated notes

Levels and vault maps discovered:
D:1:      minmay_arrival_doors, layout_basic,
          shapermc_ecumenical_altar_mp_ritualfount
D:2:      layout_loops_ring, basic_altar, grunt_decor_resistance,
          dk_noncrumbling_2
D:3:      layout_loops_ring, gammafunk_ghost_smash
D:4:      layout_layer_cave, uniq_ijyb
D:5:      layout_basic, serial_shops, nicolae_stop_n_shop_1

Skill      XL: |  1  2  3  4  5  6  7 |
---------------+----------------------+-----
Axes           | 3 4 6 7 |  7.7
Armour         | 4 |  4.9
Fighting       | 4 5 |  5.0
Dodging        | 1 |  1.7
Shields        | 4 |  4.0
Stealth        | |  0.4

Action                   |  1- 3 |  4- 6 |  7- 9 || total
-------------------------+-------+-------+-------++-------
Melee: War axe           |   105 |   191 |    52 ||   348
Invok: Convert to Beogh  |       |       |     1 ||     1
  Use: Scroll            |     7 |     7 |       ||    14
       Potion            |       |       |     2 ||     2
Armor: Scale mail        |    47 |    10 |       ||    57
       Leather armour    |       |    49 |    18 ||    67
Dodge: Dodged            |    44 |    81 |    40 ||   165
Block: Buckler           |    28 |    45 |    24 ||    97

Table legend: (Time is in decaauts)
 A = Elapsed time spent in this place.
 B = Non-inter-level travel time spent in this place.
 C = Inter-level travel time spent in this place.
 D = Time resting spent in this place.
 E = Time spent auto-exploring this place.
 F = Levels seen in this place.
 G = Mean time per level.
                   A        B        C        D        E       F      G
               +--------+--------+--------+--------+--------+-----+--------+
         Total |   6426 |   6278 |    148 |    881 |   4418 |   5 | 1285.2 |
       Dungeon |   6426 |   6278 |    148 |    881 |   4418 |   5 | 1285.2 |
               +--------+--------+--------+--------+--------+-----+--------+

Top non-repeatable levels by time:
     D:4: 1756 daAuts
     D:3: 1573 daAuts
     D:1: 1265 daAuts
     D:2: 1153 daAuts
     D:5: 677 daAuts
